 Dungeon Crawl Stone Soup version v1.0-495-g52d9b3b (webtiles) character file.

7592 dimadima095 the Destroyer (level 11, 54/54 HPs)
             Began as a Faerie Dragon Wizard on Sept 26, 2018.
             Was a Believer of Kikubaaqudgha.
             Quit the game on level 9 of the Dungeon.
             The game lasted 00:55:26 (10491 turns).

dimadima095 the Destroyer (Faerie Dragon Wizard)   Turns: 10491, Time: 00:55:27

Health: 54/54      AC:  7    Str:  5    XL:     11   Next: 17%
Magic:  24/24      EV: 20    Int: 27    God:    Kikubaaqudgha [**....]
Gold:   574        SH:  9    Dex: 12    Spells: 19/29 levels left

rFire    + + +     SeeInvis .   v - +4 dagger of Dismay {venom, rF++ Str-3 Int+3 Stlth+}
rCold    . . .     Gourm    .   (shield restricted)
rNeg     . . .     Faith    .   (armour unavailable)
rPois    .         Spirit   .   (helmet restricted)
rElec    .         Reflect  +   C - +0 cloak
rCorr    .         Harm     .   (no gloves)
MR       ++...                  (no boots)
Stlth    +++.......             r - +3 amulet of reflection
HPRegen  0.18/turn              q - +5 ring of strength
MPRegen  0.19/turn              s - ring of protection from magic

@: flying
A: small, unfitting armour, fire resistance 1, frail 1, weak 1, magic
attunement, magical scales, able to fly
a: Stop Flying, Receive Corpses, Renounce Religion


You were on level 9 of the Dungeon.
You worshipped Kikubaaqudgha.
Kikubaaqudgha was pleased with you.
You were near starving.

You visited 2 branches of the dungeon, and saw 11 of its levels.

You collected 574 gold pieces.

Inventory:

Hand Weapons
 o - a +4 trident
 v - the +4 dagger of Dismay (weapon) {venom, rF++ Str-3 Int+3 Stlth+}
   (You took it off an orc on level 6 of the Dungeon)

   It poisons the flesh of those it strikes.
   It affects your strength (-3).
   It affects your intelligence (+3).
   It greatly protects you from fire.
   It makes you more stealthy.
 E - a +0 dagger
Armour
 C - a +0 cloak (worn)
Jewellery
 q - a +5 ring of strength (left hand)
 r - a +3 amulet of reflection (around neck)
 s - a ring of protection from magic (right hand)
 z - an uncursed ring of protection from cold
Wands
 A - a wand of iceblast (7)
 B - a wand of digging (27)
Scrolls
 e - a scroll of blinking {unknown}
 f - a scroll of noise {unknown}
 i - 4 scrolls of identify {unknown}
 j - 4 scrolls of remove curse {unknown}
 k - 6 scrolls of teleportation {unknown}
 l - a scroll of recharging {unknown}
 p - 4 scrolls of enchant weapon {unknown}
 y - a scroll of random uselessness {unknown}
Potions
 a - 4 potions of curing
 b - 2 potions of heal wounds
 d - 3 potions of magic {unknown}
 g - a potion of resistance {unknown}
 h - a potion of might {unknown}
 m - 4 potions of lignification {unknown}
 n - 2 potions of ambrosia {unknown}
 t - a potion of berserk rage {unknown}
 u - 3 potions of agility {unknown}
 w - a potion of haste {unknown}
 x - a potion of restore abilities {unknown}
 D - a potion of flight {unknown}
Comestibles
 c - 34 rations


   Skills:
 + Level 9.3 Dodging
 - Level 1.0 Stealth
 + Level 9.8 Spellcasting
 + Level 10.1 Conjurations
 - Level 1.0 Summonings
 + Level 4.4 Necromancy
 - Level 1.0 Translocations
 + Level 9.5 Fire Magic


You had 19 spell levels left.
You knew the following spells:

 Your Spells              Type           Power        Failure   Level  Hunger
a - Magic Dart            Conj           ####         1%          1    None
b - Blink                 Tloc           N/A          4%          2    None
c - Call Imp              Summ           ###.....     4%          2    None
d - Conjure Flame         Conj/Fire      ######..     1%          3    None
e - Sublimation of Blood  Necr           #####.....   1%          2    None

Your spell library contained the following spells:

 Spells                   Type           Power        Failure   Level  Hunger
 Slow                     Hex            ##......     7%          2    None
 Mephitic Cloud           Conj/Pois/Air  ####....     3%          3    None
 Pain                     Necr           ####         1%          1    None
 Control Undead           Necr           #####.....   7%          4    None
 Animate Skeleton         Necr           N/A          1%          1    None
 Vampiric Draining        Necr           #####.....   2%          3    None


Dungeon Overview and Level Annotations

Branches:
Dungeon (10/15)            Temple (1/1) D:7            Lair (0/6) D:9
    Orc: D:9-12

Altars:
Ashenzari
Cheibriados
Dithmenos
Elyvilon
Fedhas
Gozag
Hepliaklqana
Jiyva
Kikubaaqudgha
Makhleb
Nemelex Xobeh
Okawaru
Qazlal
Ru
Sif Muna
Trog
Uskayaw
Vehumet
Wu Jian
Xom
Yredelemnul
Zin
The Shining One


Innate Abilities, Weirdness & Mutations

You cannot fit into any form of body armour.
You are small and have problems with some larger weapons.
Your spells do not cause hunger and MP costs are reduced by 1.
Your shimmering scales repel attacks. (AC +6, SH +6)
You can fly continuously.
Your flesh is heat resistant. (rF+)
You are frail. (-10% HP)
You are weak. (Str -2)


Message History

You see here an adder skeleton.
The shrimp wizard looks encouraged for a moment.
The shrimp wizard points at you and mumbles some strange words.
The magic dart hits you!
* * * CRAB GONE DIE * * *
There is a stone crab tunnel leading up here.
The shrimp wizard points at you and mumbles some strange words.
The puff of frost hits you!
* * * CRAB GONE DIE * * *
You fly upwards.
There is a stone crab tunnel leading down here.
You rest your weary claws.
You are feeling very hungry.
You rest your weary claws.
Magic restored.
You rest your weary claws.
You are near starving!
You rest your weary claws.
HP restored.
Are you sure you want to abandon this character and quit the game? (Confirm with "yes".)

.#.######..#..#..#.#
.............÷...#.#######
##.#####..##.###.#.##....###
##.#..................##.###
...#.#....##...#.#.##.##'####
...#.###.÷##.#.#.#.##..+_'..#
≈≈........##.#.#.#.#####'##.#
#≈...####.##.#.#.#.# ###.##.#
≈≈...#....##.#.#@#.#####.#..#
≈...##.###.....#.#.>.......##
≈...##.......###.###########
≈...#######.## #...#......#
....#.......# ###.#.####.#
....#.####### #.#.####.#
..........# ####....(.#.#
..###.###.# #....(.##.#.#####
#.# #...#.# #.#######.#.....#


There were no monsters in sight!

Vanquished Creatures
  A gargoyle (D:7)
  3 hippogriffs
  4 yaks (D:9)
  A spriggan (D:8)
  2 basilisks (D:9)
  A water moccasin (D:8)
  Duvessa (D:6)
  4 porcupines (D:9)
  An orc warrior (D:8)
  A hornet zombie (D:7)
  An eye of draining (D:10)
  3 phantoms
  4 necrophages (D:7)
  2 ice beasts
  3 sky beasts
  2 ogres
  3 centaurs
  2 crocodiles (D:9)
  4 bullfrogs
  2 big kobolds
  A wyvern zombie (D:8)
  Dowan (D:6)
  A water moccasin zombie (D:9)
  A scorpion (D:7)
  5 wights (D:7)
  4 howler monkeys
  5 crimson imps
  2 jellies
  2 bullfrog zombies
  4 bullfrog skeletons
  5 orc priests
  3 hounds
  Ijyb (D:4)
  2 iguanas
  6 worker ants
  10 orc wizards
  2 killer bee zombies
  2 hound zombies
  5 gnolls
  4 adders
  4 shadow imps
  An ooze (D:1)
  2 adder skeletons
  3 worms
  2 dart slugs (D:1)
  4 leopard geckos
  31 orcs
  2 ball pythons
  5 giant cockroaches
  5 hobgoblins
  6 jackals
  A quokka (D:7)
  8 bats
  4 frilled lizards
  13 goblins
  10 kobolds
  A leopard gecko skeleton (D:4)
  A quokka zombie (D:7)
  9 rats
223 creatures vanquished.

Vanquished Creatures (collateral kills)
  A hippogriff (D:9)
  Sigmund (D:2)
  A water moccasin (D:6)
  An ice beast (D:5)
  2 centaurs
  A hound (D:5)
  A worker ant (D:5)
  A hound skeleton (D:4)
  Robin (D:4)
  4 gnolls
  An adder (D:2)
  A dart slug (D:1)
  3 orcs
  A giant cockroach (D:6)
  2 goblins (D:4)
  3 hobgoblins (D:4)
  3 jackals (D:1)
  A kobold (D:1)
29 creatures vanquished.

Vanquished Creatures (others)
  2 bushes (D:7)
  8 fungi (D:9)
  17 plants
27 creatures vanquished.

Grand Total: 279 creatures vanquished

Notes
Turn   | Place    | Note
-------+----------+-------------------------------------------
     0 | D:1      | dimadima095 the Faerie Dragon Wizard began the quest for the Orb.
     0 | D:1      | Reached XP level 1. HP: 11/11 MP: 5/5
   246 | D:1      | Reached XP level 2. HP: 17/17 MP: 6/6
   254 | D:1      | Reached skill level 2 in Conjurations
   259 | D:1      | Learned a level 2 spell: Blink
   262 | D:1      | Learned a level 2 spell: Call Imp
   476 | D:1      | Reached XP level 3. HP: 21/21 MP: 6/8
   749 | D:1      | Reached XP level 4. HP: 25/27 MP: 10/10
  1233 | D:1      | Learned a level 3 spell: Conjure Flame
  1323 | D:2      | Noticed Sigmund
  1601 | D:2      | Reached skill level 3 in Conjurations
  1839 | D:2      | Killed Sigmund
  1839 | D:2      | Reached skill level 5 in Spellcasting
  1839 | D:2      | Reached XP level 5. HP: 26/31 MP: 6/12
  1839 | D:2      | Reached XP level 6. HP: 30/36 MP: 6/13
  2204 | D:3      | Reached skill level 4 in Conjurations
  2719 | D:4      | Reached XP level 7. HP: 41/41 MP: 13/15
  2758 | D:4      | Noticed Ijyb
  2826 | D:4      | Killed Ijyb
  2977 | D:4      | Noticed Robin
  2993 | D:4      | Killed Robin
  3026 | D:5      | Entered Level 5 of the Dungeon
  3168 | D:5      | Reached skill level 5 in Conjurations
  3264 | D:5      | Reached skill level 5 in Dodging
  3457 | D:5      | Reached XP level 8. HP: 46/46 MP: 15/17
  3496 | D:5      | Gained mutation: Your flesh is heat resistant. (rF+) [mutagenic meat]
  3497 | D:5      | Gained mutation: You are weak. (Str -2) [mutagenic meat]
  3498 | D:5      | Gained mutation: You are frail. (-10% HP) [mutagenic meat]
  3760 | D:5      | Found a burning altar of Makhleb.
  4060 | D:6      | Reached skill level 6 in Conjurations
  4060 | D:6      | Reached skill level 5 in Fire Magic
  4267 | D:6      | Found a glowing silver altar of Zin.
  4268 | D:6      | Noticed Duvessa
  4269 | D:6      | Noticed Dowan
  4309 | D:6      | Killed Duvessa
  4315 | D:6      | Killed Dowan
  4629 | D:6      | Got a bone dagger {venom}
  4851 | D:6      | Reached XP level 9. HP: 41/45 MP: 19/19
  5264 | D:7      | Reached skill level 7 in Conjurations
  5808 | D:7      | Noticed a gargoyle
  5891 | D:7      | Killed a gargoyle
  6232 | D:7      | Found a staircase to the Ecumenical Temple.
  6241 | D:7      | Reached skill level 8 in Conjurations
  6243 | D:7      | Lost strength.
  6243 | D:7      | Identified the +4 dagger of Dismay {venom, rF++ Str-3 Int+3 Stlth+} (You took it off an orc on level 6 of the Dungeon)
  6259 | Temple   | Entered the Ecumenical Temple
  6396 | Temple   | Became a worshipper of Kikubaaqudgha
  6554 | D:7      | Found a blossoming altar of Fedhas.
  6989 | D:8      | Found a shattered altar of Ashenzari.
  7032 | D:8      | Reached XP level 10. HP: 49/49 MP: 19/22
  7286 | D:8      | Found a sparkling altar of Nemelex Xobeh.
  7286 | D:8      | Found an ornate altar of the Wu Jian Council.
  7469 | D:8      | Reached skill level 9 in Conjurations
  7542 | D:8      | Reached * piety under Kikubaaqudgha
  7542 | D:8      | Identified Kikubaaqudgha's Catalogue of Unholy Rites (Kikubaaqudgha gifted it to you on level 8 of the Dungeon)
  7542 | D:8      | Received a gift from Kikubaaqudgha
  7547 | D:8      | Learned a level 2 spell: Sublimation of Blood
  7917 | D:8      | Reached skill level 1 in Necromancy
  8172 | D:9      | Found a shadowy altar of Dithmenos.
  8305 | D:9      | Found a snail-covered altar of Cheibriados.
  8535 | D:9      | Found a hazy altar of Hepliaklqana.
  8764 | D:9      | Found a stormy altar of Qazlal.
  9135 | D:9      | Reached XP level 11. HP: 54/54 MP: 21/24
  9225 | D:9      | Found a staircase to the Lair.
  9340 | D:9      | Reached ** piety under Kikubaaqudgha
  9374 | D:9      | Reached skill level 10 in Conjurations
  9686 | D:10     | Entered Level 10 of the Dungeon
  9814 | D:10     | Found an ornate altar of the Wu Jian Council.
 10197 | D:10     | HP: 1/54 [orc wizard/puff of frost (10)]
 10491 | D:9      | Quit the game

Skill      XL: |  1  2  3  4  5  6  7  8  9 10 11 |
---------------+----------------------------------+-----
Conjurations   | 2 3 4 5 6 8 9 10 | 10.1
Spellcasting   | 4 5 6 7 8 9 |  9.8
Dodging        | 3 4 5 6 7 9 |  9.3
Fire Magic     | 2 3 4 6 7 9 |  9.5
Necromancy     | 3 4 |  4.4
Stealth        | |  1.0
Summonings     | |  1.0
Translocations | |  1.0

Action                   |  1- 3 |  4- 6 |  7- 9 | 10-12 || total
-------------------------+-------+-------+-------+-------++-------
Melee: Spear             |     1 |       |       |       ||     1
       Trident           |       |    19 |   104 |       ||   123
       Dagger            |       |       |       |     2 ||     2
 Cast: Magic Dart        |    64 |    88 |   459 |   508 ||  1119
       Call Imp          |     9 |    11 |    25 |     9 ||    54
       Conjure Flame     |       |     2 |    25 |    20 ||    47
       Blink             |       |       |    10 |     5 ||    15
  Use: Potion            |       |       |       |     1 ||     1
  Eat: Chunk             |       |     5 |    14 |     9 ||    28
       Ration            |       |       |     1 |       ||     1
Armor: Skin              |     3 |     3 |    31 |    20 ||    57
Dodge: Dodged            |     5 |    15 |    95 |   110 ||   225
Block: Other             |     5 |     6 |    34 |    62 ||   107
       Reflection        |       |       |       |     4 ||     4
